 Dungeon Sprint DCSS version 0.29-a0-582-ge82337ba6a (webtiles) character file.

Game seed: 16769567185542807255

450 mhtbhm the Summoner (level 7, 0/52 HPs)
             Began as a Hill Orc Summoner on June 15, 2022.
             Was an Initiate of Sif Muna.
             Slain by Sonja
             ... wielding a +0 dagger of distortion
              (11 damage)
             ... in the Dungeon (Sprint I: "Red Sonja").
             The game lasted 00:07:12 (1760 turns).

mhtbhm the Summoner (Hill Orc Summoner)             Turns: 1760, Time: 00:07:13

Health: 0/52       AC:  2    Str: 13    XL:     7   Next: 4%
Magic:  10/16      EV: 12    Int: 15    God:    Sif Muna [......]
Gold:   469        SH:  0    Dex: 11    Spells: 5/18 levels left

rFire   . . .      SeeInvis .     - Unarmed
rCold   . . .      Faith    .   (no shield)
rNeg    . . .      Spirit   .   a - +0 robe
rPois   .          Reflect  .   (no helmet)
rElec   .          Harm     .   (no cloak)
rCorr   .          Rampage  .   (no gloves)
Will    .....      NoTele   +   (no boots)
Stlth   ++........              (no amulet)
HPRegen 0.17/turn               (no ring)
MPRegen 0.15/turn               (no ring)

@: slowed, very slow
A: no striking features
a: Renounce Religion


You were in the Dungeon.
You worshipped Sif Muna.
Sif Muna was noncommittal.
You visited 1 branch You collected 469 gold pieces.

Inventory:

Armour
 a - a +0 robe (worn)
Wands
 e - a wand of digging (2)
 h - a wand of flame (14)
Potions
 b - a potion of magic
 c - a potion of curing
 f - a potion of degeneration {unknown}


   Skills:
 + Level 1.6 Fighting
 + Level 2.8 Dodging
 + Level 3.1 Stealth
 + Level 3.1 Unarmed Combat
 + Level 6.3 Spellcasting
 + Level 1.2 Hexes
 + Level 11.3 Summonings
 + Level 0.1 Air Magic


You had 5 spell levels left.
You knew the following spells:

 Your Spells              Type           Power      Damage    Failure   Level
a - Summon Small Mammal   Summ           100%       N/A       1%          1
b - Call Imp              Summ           38%        N/A       1%          2
c - Call Canine Familiar  Summ           38%        N/A       1%          3
d - Summon Guardian Gole  Hex/Summ       23%        N/A       3%          3
e - Summon Lightning Spi  Summ/Air       22%        N/A       13%         4

Your spell library contained the following spells:

 Spells                   Type           Power      Damage    Failure   Level


Dungeon Overview and Level Annotations

Branches:
Dungeon (1/1)

Altars:
Cheibriados
Dithmenos
Elyvilon
Fedhas
Gozag
Hepliaklqana
Kikubaaqudgha
Makhleb
Nemelex Xobeh
Okawaru
Qazlal
Ru
Sif Muna
Trog
Uskayaw
Vehumet
Wu Jian
Xom
Yredelemnul
Zin
The Shining One
Jiyva
Lugonu

Shops:
D (

Annotations:
D Sonja


Message History

Press < or > to pray at altars.
You feel much better.
Sonja hits your lightning spire but does no damage.
Space warps horribly around your lightning spire!
Sonja hits your lightning spire but does no damage.
Space warps around your lightning spire.
Your lightning spire is destroyed!
Your lightning spire disappears in a puff of smoke!
Sonja gestures wildly while chanting.
Sonja blinks!
Unknown command.
Press < or > to pray at altars.
Unknown command.
Press < or > to pray at altars.
Aiming: Throw Flame
Press: ? - help, Shift-Dir - straight line, f/p - Sonja
Aim: Sonja, wielding a +0 dagger of distortion and quivering curare-tipped darts (severely wounded, 25% to hit)
Okay, then.
Magic courses through your body.
Sonja shouts, "Too slow!"
Sonja hits you with a +0 dagger of distortion.
Sonja barely misses you.
Sonja hits you with a +0 dagger of distortion.
Space warps around you.
Casting: Summon Lightning Spire (quite dangerous; 13% risk of failure)
Confirm with . or Enter, or press ? or * to list all spells.
A guardian golem appears, shielding your allies.
Sonja mumbles some strange words.
Sonja blinks!
Unknown command.
Press < or > to pray at altars.
Casting: Summon Guardian Golem (dangerous; 3% risk of failure)
Confirm with . or Enter, or press ? or * to list all spells.
Sonja hits you with a +0 dagger of distortion. x2
Space warps around you.
* * * LOW HITPOINT WARNING * * *
Sonja hits you with a +0 dagger of distortion.
* * * LOW HITPOINT WARNING * * *
Space warps horribly around you!
You die...

######################
#<.#8.').#..)..#__#..+
#.X+).#..'..#..'..'..#
#..#####'#####'#__####
#..####..#...#.####
#..#__####..##.#
#..#_____##'#h§+
#⌠⌠#_.∩.J.+..K@#
###._..__##_.#'#
#..#_____###'#9#
########## #.### $.$
$.$ ##.## #+#


You could see Sonja (ally target), a friendly guardian golem (summoned) and a
friendly hound (summoned).

Vanquished Creatures
  A nameless horror (D)
  Ijyb (D)
2 creatures vanquished.

Vanquished Creatures (collateral kills)
  A yak (D)
  An ogre (D)
  A jelly (D)
  A nameless horror (D)
4 creatures vanquished.

Vanquished Creatures (others)
  Sigmund (D)
1 creature vanquished.

Grand Total: 7 creatures vanquished

Notes
Turn   | Place    | Note
-------+----------+-------------------------------------------
     0 | D        | mhtbhm the Hill Orc Summoner began the quest for the Orb.
     0 | D        | Reached XP level 1. HP: 14/14 MP: 3/3
     4 | D        | Noticed Ijyb
    21 | D        | Killed Ijyb
    22 | D        | Reached skill level 6 in Summonings
    22 | D        | Reached XP level 2. HP: 4/20 MP: 1/5
    22 | D        | Reached XP level 3. HP: 5/26 MP: 1/6
   303 | D        | Learned a level 2 spell: Call Imp
   307 | D        | Learned a level 3 spell: Call Canine Familiar
   308 | D        | Found a shadowy altar of Dithmenos.
   312 | D        | Found a basalt altar of Yredelemnul.
   312 | D        | Found a hide-covered altar of Uskayaw.
   312 | D        | Found a hazy altar of Hepliaklqana.
   312 | D        | Found a sacrificial altar of Ru.
   312 | D        | Found a snail-covered altar of Cheibriados.
   312 | D        | Found an opulent altar of Gozag.
   312 | D        | Found a sparkling altar of Nemelex Xobeh.
   313 | D        | Found an ancient bone altar of Kikubaaqudgha.
   313 | D        | Found Vesil's Weapon Emporium.
   313 | D        | Found a glowing golden altar of the Shining One.
   313 | D        | Found an iron altar of Okawaru.
   313 | D        | Found a bloodstained altar of Trog.
   313 | D        | Found a blossoming altar of Fedhas.
   313 | D        | Found a stormy altar of Qazlal.
   313 | D        | Found a white marble altar of Elyvilon.
   313 | D        | Found a glowing silver altar of Zin.
   313 | D        | Noticed a yak
   333 | D        | Killed a yak
   334 | D        | Reached skill level 9 in Summonings
   334 | D        | Reached XP level 4. HP: 5/34 MP: 2/10
   334 | D        | Reached XP level 5. HP: 5/39 MP: 2/11
   596 | D        | Learned a level 3 spell: Summon Guardian Golem
   606 | D        | Found a shimmering blue altar of Sif Muna.
   606 | D        | Found a radiant altar of Vehumet.
   606 | D        | Found an ornate altar of the Wu Jian Council.
   631 | D        | Noticed Sigmund
   651 | D        | Killed Sigmund
   652 | D        | Reached skill level 1 in Fighting
   652 | D        | Reached skill level 5 in Spellcasting
   652 | D        | Reached skill level 1 in Hexes
   652 | D        | Reached skill level 11 in Summonings
   652 | D        | Reached XP level 6. HP: 47/47 MP: 2/14
   757 | D        | Became a worshipper of Sif Muna the Loreminder
   803 | D        | Learned a level 4 spell: Summon Lightning Spire
   821 | D        | Reached XP level 7. HP: 52/52 MP: 1/16
   920 | D        | Noticed a nameless horror
  1268 | D        | Found a burning altar of Makhleb.
  1268 | D        | Found a viscous altar of Jiyva.
  1268 | D        | Found a shimmering altar of Xom.
  1268 | D        | Found a corrupted altar of Lugonu.
  1268 | D        | Noticed a slime creature
  1624 | D        | Killed a nameless horror
  1740 | D        | Noticed Sonja
  1760 | D        | Slain by Sonja

Illustrated notes

Levels and vault maps discovered:
D:        dungeon_sprint_1 [red_sonja_temple_1, red_sonja_temple_small_1]

Skill      XL: |  1  2  3  4  5  6 |
---------------+-------------------+-----
Dodging        | 2 |  2.8
Stealth        | 2 3 |  3.1
Spellcasting   | 2 4 5 6 |  6.3
Summonings     | 6 9 11 | 11.3
Unarmed Combat | 2 3 |  3.1
Fighting       | 1 |  1.6
Hexes          | 1 |  1.2
Air Magic      | |  0.1

Action                   |  1- 3 |  4- 6 |  7- 9 || total
-------------------------+-------+-------+-------++-------
Melee: Unarmed           |    13 |       |       ||    13
 Cast: Summon Small Mamm |     5 |     2 |     8 ||    15
       Call Imp          |     2 |     3 |     4 ||     9
       Call Canine Famil |     2 |     4 |     5 ||    11
       Summon Guardian G |       |     2 |     5 ||     7
       Summon Lightning  |       |     1 |     4 ||     5
Evoke: Wand              |     1 |       |     8 ||     9
  Use: Potion            |     3 |       |     3 ||     6
       Scroll            |       |       |     1 ||     1
Armor: Robe              |       |     1 |     2 ||     3
Dodge: Dodged            |     7 |     3 |    10 ||    20

Table legend: (Time is in decaauts)
 A = Elapsed time spent in this place.
 B = Non-inter-level travel time spent in this place.
 C = Inter-level travel time spent in this place.
 D = Time resting spent in this place.
 E = Time spent auto-exploring this place.
 F = Levels seen in this place.
 G = Mean time per level.
                   A        B        C        D        E       F      G
               +--------+--------+--------+--------+--------+-----+--------+
         Total |   1760 |   1760 |      0 |   1323 |      0 |   1 | 1760.0 |
       Dungeon |   1760 |   1760 |      0 |   1323 |      0 |   1 | 1760.0 |
               +--------+--------+--------+--------+--------+-----+--------+

Top non-repeatable levels by time:
       D: 1760 daAuts
